 Dungeon Crawl Stone Soup version 0.31-a0-214-gb37851dbb3 (webtiles) character file.

Game seed: 4461005196873047537

134 qw the Shooter (level 4, -7/37 HPs)
             Began as a Minotaur Hexslinger on July 1, 2023.
             Killed by divine providence
             ... invoked by an orc priest
              (10 damage)
             ... on level 3 of the Dungeon.
             The game lasted 00:01:04 (2184 turns).

qw the Shooter (Minotaur Hexslinger)                Turns: 2184, Time: 00:01:04

Health: -7/37      AC:  6    Str: 12    XL:     4   Next: 95%
Magic:  4/4        EV: 11    Int: 10    God:
Gold:   125        SH:  0    Dex: 15    Spells: 4/5 levels left

rFire   . . .        Y - +2 sling
rCold   . . .        (no shield)
rNeg    . . .        f - +0 ring mail
rPois   .            (helmet restricted)
rElec   .            (no cloak)
rCorr   .            (no gloves)
SInv    .            g - +0 pair of boots
Will    .....        (no amulet)
Stlth   +            (no ring)
HPRegen 0.26/turn    (no ring)
MPRegen 0.09/turn

%: no passive effects
@: about to teleport
A: horns 2, retaliatory headbutt
a: no special abilities


You were on level 3 of the Dungeon.
You visited 1 branch of the dungeon, and saw 3 of its levels.

You collected 125 gold pieces.


Innate Abilities, Weirdness & Mutations

You have a pair of horns on your head.
You reflexively headbutt those who attack you in melee.


   Skills:
 + Level 2.7 Fighting
 - Level 5.0 Ranged Weapons
 - Level 1.2 Armour
 - Level 2.1 Dodging
 - Level 1.0 Spellcasting
 - Level 2.0 Hexes


You had 4 spell levels left.
You knew the following spells:

 Your Spells              Type           Power      Damage    Failure   Level
a - Slow                  Hex            16%        N/A       34%         1

Your spell library contained the following spells:

 Spells                   Type           Power      Damage    Failure   Level
 Inner Flame              Hex/Fire       2%         N/A       83%         3
 Portal Projectile        Hex/Tloc       4%         N/A       83%         3
 Cause Fear               Hex            2%         N/A       98%         4

Inventory:

Hand Weapons
 Y - a +2 sling (weapon)
Armour
 f - a +0 ring mail (worn)
 g - a +0 pair of boots (worn)
Jewellery
 e - a ring of see invisible
 h - an amulet of reflection
Scrolls
 a - a scroll of teleportation
 b - 2 scrolls of identify
Potions
 c - a potion of degeneration {unknown}
 d - a potion of curing {unknown}
 i - a potion of resistance {unknown}
 j - a potion of heal wounds {unknown}

Dungeon Overview and Level Annotations

Branches:
Dungeon (3/15)

Altars:

Annotations:
D:3 1 runed translucent door, Crazy Yiuf


Message History

The sling bullet hits the orc priest.
The orc priest is lightly wounded.
The orc priest invokes the aid of Beogh against you.
Beogh smites you!
You hear a shout!
You shoot a sling bullet.
The sling bullet hits the orc but does no damage.
The orc is almost dead.
The orc hits you with a +0 hand axe.
An orc comes into view.
It is wielding a +0 flail of protection.
You shoot a sling bullet. The orc shouts!
The sling bullet hits the orc.
You kill the orc!
An orc comes into view. It is wielding a +0 short sword.
You shoot a sling bullet. The sling bullet hits the orc priest.
The orc priest is moderately wounded.
You shoot a sling bullet.
The sling bullet hits the orc priest but does no damage.
The orc priest is moderately wounded.
You shoot a sling bullet.
The sling bullet hits the orc priest but does no damage.
The orc priest is moderately wounded.
The orc priest invokes the aid of Beogh against you.
Pain shoots through your body!
The orc priest invokes the aid of Beogh against you.
Pain shoots through your body!
2182 ||| READING 2 scrolls of teleportation.
As you read the scroll of teleportation, it crumbles to dust.
You feel strangely unstable. The orc priest closely misses you.
You shoot a sling bullet.
The sling bullet barely misses the orc priest.
The sling bullet hits the orc but does no damage.
The orc priest hits you but does no damage.
You shoot a sling bullet. The sling bullet hits the orc priest.
The orc priest is moderately wounded.
The orc priest invokes the aid of Beogh against you.
Beogh smites you!
You die...

######## #....... #######.######
......).# .
#################.###### ..
....ooo@................
##.#######################.#.####
#.....%.%...# #.....##
#..########.# ####..## #. #.#
######.## # #.# #........ #<#
#.######. ### #...[.... #..#####.


You could see an orc priest and 2 orcs.

Vanquished Creatures
  3 adders (D:2)
  5 worms
  3 dart slugs
  An orc (D:3)
  8 ball pythons
  11 bats
  9 endoplasms
  A giant cockroach (D:3)
  7 hobgoblins
  7 jackals
  4 kobolds
  2 quokkas
  7 frilled lizards
  6 goblins
  6 rats
80 creatures vanquished.

Notes
Turn   | Place    | Note
-------+----------+-------------------------------------------
     0 | D:1      | qw the Minotaur Hexslinger began the quest for the Orb.
     0 | D:1      | Reached XP level 1. HP: 16/16 MP: 1/1
     0 | D:1      | 0 ||| qw: Version: 0.3-a-32-g5962c71
     0 | D:1      | 0 ||| qw: Game counter: 7418
     0 | D:1      | 0 ||| qw: Melee chars always use a shield: true
     0 | D:1      | 0 ||| qw: God list: Okawaru
     0 | D:1      | 0 ||| qw: Allow faded altars: false
     0 | D:1      | 0 ||| qw: Do Orc after clearing Dungeon:15 true
     0 | D:1      | 0 ||| qw: Do second Lair branch before Depths: true
     0 | D:1      | 0 ||| qw: Lair rune preference: random
     0 | D:1      | 0 ||| qw: Goals: Normal
     0 | D:1      | 0 ||| PLANNING D:1-11
   130 | D:1      | Reached skill level 3 in Ranged Weapons
   141 | D:1      | 141 ||| FLEEEEING.
   142 | D:1      | 142 ||| FLEEEEING.
   143 | D:1      | 143 ||| FLEEEEING.
   144 | D:1      | 144 ||| FLEEEEING.
   145 | D:1      | 145 ||| FLEEEEING.
   169 | D:1      | Reached XP level 2. HP: 20/23 MP: 2/2
   396 | D:1      | Reached XP level 3. HP: 29/29 MP: 3/3
   906 | D:1      | 906 ||| UPGRADING to +0 ring mail.
   916 | D:1      | 916 ||| DROPPING +0 robe.
   917 | D:1      | 917 ||| UPGRADING to +0 pair of boots.
   922 | D:1      | 922 ||| READING scroll labelled GYTICIT QIUS.
   925 | D:1      | 925 ||| READING 2 scrolls labelled BEANAMNADGH.
   926 | D:1      | 926 ||| DROPPING scroll of poison.
   927 | D:1      | 927 ||| DROPPING scroll of noise.
   966 | D:2      | Found the +5 woodcutter's axe
  1069 | D:2      | Reached skill level 4 in Ranged Weapons
  1084 | D:2      | Reached skill level 1 in Armour
  1162 | D:2      | Reached XP level 4. HP: 36/36 MP: 4/4
  1259 | D:2      | Found a faded altar of an unknown god.
  1452 | D:2      | 1452 ||| READING 2 scrolls labelled GUT XOSHENICK.
  1453 | D:2      | 1453 ||| READING scroll labelled XITSORA ZOEXEI.
  1454 | D:2      | 1454 ||| READING scroll labelled DIPTAY VUARPH.
  1505 | D:3      | HP: 6/36 [worm (8)]
  1506 | D:3      | 1506 ||| READING 2 scrolls of teleportation.
  1509 | D:3      | Reached skill level 5 in Ranged Weapons
  1859 | D:3      | Found a runed translucent door.
  1860 | D:3      | Noticed Crazy Yiuf
  2181 | D:3      | HP: 8/37 [orc priest/nerve-wracking pain (11)]
  2181 | D:3      | HP: 2/37 [orc priest/nerve-wracking pain (6)]
  2182 | D:3      | 2182 ||| READING 2 scrolls of teleportation.
  2184 | D:3      | Killed from afar by an orc priest

Levels and vault maps discovered:
D:1:      kennysheep_arrival_forest, layout_basic, minmay_cut_off
D:2:      layout_rooms, basic_ecumenical_altar, kennysheep_nub, st_stairs_11,
          nicolae_wormholes
D:3:      layout_basic, nrook_uturn, uniq_crazy_yiuf_cottage

Skill      XL: |  1  2  3  4 |
---------------+-------------+-----
Ranged Weapons | 3 4 5 |  5.0
Fighting       | 2 |  2.7
Armour         | 1 |  1.2
Dodging        | |  2.1
Spellcasting   | |  1.0
Hexes          | |  2.0

Action                     |  1- 3 |  4- 6 || total
---------------------------+-------+-------++-------
   Fire: Sling             |   119 |   147 ||   266
    Use: Scroll            |     2 |     5 ||     7
 Armour: Robe              |     6 |       ||     6
         Ring mail         |    14 |    32 ||    46
  Dodge: Dodged            |    37 |    45 ||    82

Table legend:
 A = Non-vault XP
 B = Vault XP
 C = Vault XP percentage of total XP
 D = Non-vault monster count
 E = Vault monster count
 F = Vault count percentage of total count
                 A         B        C        D         E       F
            +---------+---------+-------+---------+---------+-------
      Total |     146 |      46 |  24.0 |      72 |       8 |  10.0
            +---------+---------+-------+---------+---------+-------
        D:1 |      46 |       5 |   9.8 |      27 |       3 |  10.0
        D:2 |      61 |      41 |  40.2 |      27 |       5 |  15.6
        D:3 |      39 |       0 |   0.0 |      18 |       0 |   0.0
            +---------+---------+-------+---------+---------+-------
